cohdb
Replays
Latest Replays
All Replays
Popular Replays
Top Player Replays
Match Explorer
How It Works
Community
CoH3 Stats
Reddit
Sign in to upload your games and track your stats! →
Sign in with Steam
Match 42522286
Unlisted
Match 42522286
Overview
Messages
Build Orders
End
Construct Weapon Support Center
Engineer Squad
Selects Heavy Weapons
M1919 Machine Gun Team
Bazooka Squad
M1919 Machine Gun Team
Infantry Support Center
Selects Assault Carriers
Selects Exchangeable Parts
M3 Assault Carrier
Construct Barracks
Riflemen Squad
Selects M2HB .50cal Heavy Machine Gun
Riflemen Squad
M1918 Browning Automatic Rifles
Grenade Package
Construct Motor Pool
M8 Greyhound Armored Car
Engineer Squad
Engineer Squad
M1 Anti-tank Gun Team
Selects M26 Pershing Heavy Tank
M1 Anti-tank Gun Team
TantheMan415
Instinct18
Bruistablet
Desertfox
0
0
Comments
sign in to comment!
No comments posted yet!